 Dungeon Crawl Stone Soup version 0.20.0-15-g7f486f2 (webtiles) character file.

1886 maniacrov the Thaumaturge (level 8, -3/46 HPs)
             Began as a Deep Elf Fire Elementalist on June 9, 2017.
             Slain by an iguana (15 damage)
             ... on level 6 of the Dungeon.
             The game lasted 00:27:19 (4465 turns).

maniacrov the Thaumaturge (DEFE)                    Turns: 4465, Time: 00:27:20

Health: -3/46      AC:  3    Str:  5    XL:     8   Next: 92%
Magic:  28/32      EV: 14    Int: 23    God:
Gold:   144        SH:  0    Dex: 15    Spells: 13/26 levels left

rFire    . . .     SeeInvis .     - Unarmed
rCold    . . .     Gourm    .   (no shield)
rNeg     . . .     Faith    .   a - +0 robe
rPois    .         Spirit   .   (no helmet)
rElec    .         Reflect  .   (no cloak)
rCorr    .         Harm     .   (no gloves)
MR       .....                  d - +0 pair of boots
Stlth    +++.......             w - amulet of magic regeneration
Regen    0.2/turn               k - ring of flight
MPRegen  0.4/turn               p - ring of magical power

@: no status effects
A: robust 1, no potion heal 1
a: Evoke Flight


You were on level 6 of the Dungeon.
You were not hungry.

You visited 1 branch of the dungeon, and saw 6 of its levels.

You collected 144 gold pieces.

Inventory:

Armour
 a - a +0 robe (worn)
 d - a +0 pair of boots (worn)
Jewellery
 h - an uncursed ring of poison resistance
 j - an uncursed amulet of the gourmand {unknown}
 k - a ring of flight (left hand)
 p - a ring of magical power (right hand)
 r - an uncursed ring of stealth
 w - an amulet of magic regeneration (around neck)
Wands
 m - a wand of polymorph (9/24)
Scrolls
 e - 2 scrolls of recharging {unknown}
 f - a scroll of amnesia
 i - 2 scrolls of blinking {unknown}
 l - a scroll of noise {unknown}
 n - 2 scrolls of remove curse
 q - a scroll of immolation {unknown}
 u - a scroll of teleportation
 C - a scroll of enchant armour {unknown}
Potions
 g - a potion of magic
 o - a potion of haste
 s - a potion of berserk rage
 v - a potion of heal wounds
 x - a potion of invisibility {unknown}
 z - a potion of degeneration {unknown}
 B - a potion of cancellation {unknown}
Books
 b - a book of Flames

   Spells                             Type                      Level
   a - Flame Tongue                   Conjuration/Fire             1
   b - Throw Flame                    Conjuration/Fire             2
   c - Conjure Flame                  Conjuration/Fire             3
   d - Inner Flame                    Hexes/Fire                   3
   e - Sticky Flame                   Conjuration/Fire             4
   f - Fireball                       Conjuration/Fire             5
 y - a book of Maledictions

   Spells                             Type                      Level
   a - Corona                         Hexes                        1
   b - Ensorcelled Hibernation        Hexes/Ice                    2
   c - Confuse                        Hexes                        3
   d - Tukima's Dance                 Hexes                        3
   e - Dazzling Spray                 Conjuration/Hexes            3
Comestibles
 c - 3 bread rations
 t - 2 royal jellies
 A - a meat ration


   Skills:
 + Level 0.7 Fighting
 + Level 3.9 Dodging
 + Level 3.7 Stealth
 + Level 1.0 Unarmed Combat
 + Level 9.5 Spellcasting
 + Level 5.8 Conjurations
 + Level 7.8 Fire Magic


You had 13 spell levels left.
You knew the following spells:

 Your Spells              Type           Power        Failure   Level  Hunger
a - Flame Tongue          Conj/Fire      #####        1%          1    None
b - Throw Flame           Conj/Fire      #####.       1%          2    None
c - Inner Flame           Hex/Fire       ####....     3%          3    None
d - Fireball              Conj/Fire      #####.....   10%         5    ####...
e - Ensorcelled Hibernat  Hex/Ice        ##....       9%          2    None


Dungeon Overview and Level Annotations

Branches:
Dungeon (6/15)             Temple (0/1) D:4

Altars:
Fedhas
Hepliaklqana
Nemelex Xobeh
Trog
Zin

Shops:
D:4 }


Innate Abilities, Weirdness & Mutations

You are robust. (+10% HP)
Potions are less effective at restoring your health.


Message History

Your surroundings suddenly seem different.
Found a scroll labeled OCZAPU ODUFI and a scroll of identify.
Found a stone staircase leading down.
An iguana comes into view.
Casting: Flame Tongue
Confirm with . or Enter, or press ? or * to list all spells.
Aiming: Flame Tongue
Press: ? - help, Shift-Dir - straight line, f - iguana
Aim: an iguana (resting)
The flame tongue hits the iguana.
The iguana is heavily wounded.
The iguana hisses angrily.
The iguana barely misses you.
Casting: Flame Tongue
Confirm with . or Enter, or press ? or * to list all spells.
Aiming: Flame Tongue
Press: ? - help, Shift-Dir - straight line, f/p - iguana
Aim: an iguana (heavily wounded)
The flame tongue misses the iguana.
The iguana bites you!
You die...

####### ### ....... ..#
.......
..###############..?....
..............?l@......>
.......##########.......
.......#.......# .#####.
#......#.......# .#
#......#.......# .#
...............# .#
####...........# .#
#.....####### .#
#......#


You could see an iguana.

Vanquished Creatures
  Pikel (D:5)
  Grinder (D:4)
  Sigmund (D:3)
  Eustachio (D:5)
  Menkaure (D:5)
  2 ice beasts
  An ogre (D:4)
  Blork the orc (D:4)
  2 scorpions (D:4)
  2 orc priests
  3 orc wizards (D:5)
  Terence (D:3)
  A worker ant (D:4)
  A killer bee zombie (D:5)
  A hound zombie (D:6)
  A worker ant zombie (D:5)
  4 adders
  A shadow imp (D:5)
  2 oozes
  6 dart slugs
  4 worms
  3 leopard geckos
  9 orcs
  7 giant cockroaches
  5 goblins
  6 hobgoblins
  8 jackals
  2 quokkas
  A ball python (D:2)
  13 bats
  5 frilled lizards
  6 kobolds
  A quokka skeleton (D:4)
  9 rats
113 creatures vanquished.

Vanquished Creatures (others)
  A jackal (D:5)
1 creature vanquished.

Grand Total: 114 creatures vanquished

Notes
Turn   | Place    | Note
-------+----------+-------------------------------------------
     0 | D:1      | maniacrov the Deep Elf Fire Elementalist began the quest for the Orb.
     0 | D:1      | Reached XP level 1. HP: 10/10 MP: 6/6
   221 | D:1      | Reached XP level 2. HP: 14/15 MP: 4/8
   650 | D:1      | Learned a level 2 spell: Throw Flame
   709 | D:2      | Reached XP level 3. HP: 19/19 MP: 10/10
   982 | D:2      | Found a sparkling altar of Nemelex Xobeh.
   994 | D:2      | Found a bloodstained altar of Trog.
   998 | D:2      | Found a hazy altar of Hepliaklqana.
  1378 | D:2      | Reached skill level 4 in Spellcasting
  1378 | D:2      | Reached XP level 4. HP: 24/24 MP: 12/12
  1595 | D:3      | Gained mutation: Potions are less effective at restoring your health. [potion of mutation]
  1595 | D:3      | Gained mutation: You are robust. (+10% HP) [potion of mutation]
  1605 | D:3      | Noticed Terence
  1611 | D:3      | Killed Terence
  1653 | D:3      | Noticed Sigmund
  1661 | D:3      | Killed Sigmund
  1661 | D:3      | Reached skill level 5 in Spellcasting
  1661 | D:3      | Reached skill level 5 in Fire Magic
  1661 | D:3      | Reached XP level 5. HP: 8/30 MP: 15/15
  1927 | D:3      | Reached XP level 6. HP: 35/35 MP: 16/16
  2475 | D:4      | Found Peij's Gadget Boutique.
  2482 | D:4      | Found a staircase to the Ecumenical Temple.
  2518 | D:4      | Noticed Blork the orc
  2529 | D:4      | Killed Blork the orc
  2529 | D:4      | Reached skill level 6 in Spellcasting
  2570 | D:4      | Noticed Grinder
  2585 | D:4      | Killed Grinder
  2585 | D:4      | Reached XP level 7. HP: 27/39 MP: 15/19
  2627 | D:4      | Found a blossoming altar of Fedhas.
  2698 | D:4      | Reached skill level 7 in Spellcasting
  3020 | D:4      | Learned a level 3 spell: Inner Flame
  3026 | D:4      | Learned a level 5 spell: Fireball
  3279 | D:5      | Entered Level 5 of the Dungeon
  3404 | D:5      | Noticed Menkaure
  3404 | D:5      | Reached XP level 8. HP: 25/46 MP: 15/21
  3404 | D:5      | Reached skill level 8 in Spellcasting
  3407 | D:5      | Killed Menkaure
  3692 | D:5      | Learned a level 1 spell: Flame Tongue
  3695 | D:5      | Learned a level 2 spell: Ensorcelled Hibernation
  3741 | D:5      | Found a glowing silver altar of Zin.
  3812 | D:5      | Noticed Eustachio
  3816 | D:5      | Noticed Pikel
  3957 | D:5      | Killed Eustachio
  3957 | D:5      | Reached skill level 5 in Conjurations
  3971 | D:5      | Killed Pikel
  3971 | D:5      | Reached skill level 1 in Unarmed Combat
  3971 | D:5      | Reached skill level 9 in Spellcasting
  4465 | D:6      | Slain by an iguana

Skill      XL: |  1  2  3  4  5  6  7  8 |
---------------+-------------------------+-----
Fire Magic     | 4 5 6 7 |  7.8
Spellcasting   | 4 5 6 7 9 |  9.5
Conjurations   | 3 4 5 |  5.8
Stealth        | 3 |  3.7
Dodging        | 3 |  3.9
Unarmed Combat | 1 |  1.0
Fighting       | |  0.7

Action                   |  1- 3 |  4- 6 |  7- 9 || total
-------------------------+-------+-------+-------++-------
Melee: Unarmed           |     5 |     4 |    10 ||    19
 Cast: Flame Tongue      |    69 |    74 |    81 ||   224
       Throw Flame       |    12 |     7 |    10 ||    29
       Fireball          |       |       |     9 ||     9
       Ensorcelled Hiber |       |       |     4 ||     4
       Inner Flame       |       |       |     1 ||     1
Evoke: Wand              |       |       |     2 ||     2
  Use: Scroll            |     5 |       |     7 ||    12
       Potion            |       |     7 |       ||     7
 Stab: Sleeping          |       |       |     1 ||     1
  Eat: Bread ration      |     1 |     1 |       ||     2
       Meat ration       |       |       |     1 ||     1
Armor: Robe              |     8 |     5 |     7 ||    20
Dodge: Dodged            |    16 |    18 |    40 ||    74
